 Dungeon Crawl Stone Soup version 0.28.0-43-g3370ac3207 (webtiles) character file.

Game seed: 5038235582662519585

138 issech the Cudgeller (level 5, -2/53 HPs)
             Began as a Troll Monk on Mar 29, 2022.
             Succumbed to Sigmund's poison
             ... on level 3 of the Dungeon.
             The game lasted 00:08:27 (2668 turns).

issech the Cudgeller (Troll Monk)                   Turns: 2668, Time: 00:08:27

Health: -2/53      AC:  8    Str: 19    XL:     5   Next: 1%
Magic:  4/4        EV: 10    Int:  6    God:
Gold:   154        SH:  0    Dex: 14    Spells: 4/4 levels left

rFire   . . .      SeeInvis .   k - +0 flail
rCold   . . .      Faith    .   (no shield)
rNeg    . . .      Spirit   .   b - +0 robe
rPois   .          Reflect  .   (helmet restricted)
rElec   .          Harm     .   (no cloak)
rCorr   .          Rampage  .   (gloves unavailable)
Will    .....                   (boots unavailable)
Stlth   ++........              (no amulet)
HPRegen 0.97/turn               h - +4 ring of protection
MPRegen 0.09/turn               (no ring)

@: lethally poisoned (-2 -> -18)
A: large, unfitting armour, claws 3, regeneration 1, shaggy fur 1, tough skin 1
a: no special abilities


You were on level 3 of the Dungeon.
You visited 1 branch of the dungeon, and saw 3 of its levels.

You collected 154 gold pieces.

Inventory:

Hand Weapons
 a - a +0 mace
 k - a +0 flail (weapon)
Missiles
 c - 14 bolts
 f - 65 arrows
 l - 20 stones (quivered)
 p - 2 boomerangs
 q - 11 sling bullets
Armour
 b - a +0 robe (worn)
Jewellery
 h - a +4 ring of protection (left claw)
Scrolls
 d - a scroll of enchant armour {unknown}
 g - a scroll of amnesia {unknown}
 i - 2 scrolls of identify {unknown}
 j - a scroll of silence {unknown}
 m - 2 scrolls of teleportation {unknown}
Potions
 e - 2 potions of brilliance {unknown}
 n - a potion of haste {unknown}
 o - a potion of attraction {unknown}
 r - a potion of curing {unknown}


   Skills:
 + Level 3.0 Fighting
 + Level 4.1 Maces & Flails
 + Level 3.0 Dodging
 + Level 1.2 Stealth


You had 4 spell levels left.
You didn't know any spells.
Your spell library contained the following spells:

 Spells                   Type           Power      Damage    Failure   Level
 Dazzling Flash           Conj/Hex       0%         N/A       83%         3
 Agony                    Necr           0%         N/A       100%        5
 Silence                  Hex/Air        0%         N/A       100%        5


Dungeon Overview and Level Annotations

Branches:
Dungeon (3/15)

Altars:
Fedhas

Shops:
D:3 *!*([

Annotations:
D:3 Sigmund


Innate Abilities, Weirdness & Mutations

You are too large for most types of armour.
You have claws for hands.
Your natural rate of healing is unusually fast.
You are covered in fur. (AC +1)
You have tough skin. (AC +1)


Message History

There is an open door here.
You're too confused to move!
You're too confused to move!
Something completely misses you.
You feel less confused. Something hits you!
There is an open door here.
You hear some strange, mumbled words.
Something tries to affect you, but you resist.
Something hits you but does no damage.
You are poisoned.
You feel very sick.
There is an open door here.
You sock something!
You feel very sick.
You hear some strange, mumbled words.
A magic dart appears from out of thin air!
The magic dart hits you.
You sock something!
You feel sick.
You hear some strange, mumbled words.
Something tries to affect you, but you resist.
Something hits you!
You are more poisoned.
You closely miss something.
You feel very sick.
You closely miss something.
You feel very sick.
You hear some strange, mumbled words.
A puff of flame appears from out of thin air!
The puff of flame hits you. Something hits you.
You are more poisoned.
You hit something but do no damage.
You feel very sick.
You barely miss something.
You feel very sick. Something hits you!
* * * LOW HITPOINT WARNING * * *
You are more poisoned.
You closely miss something.
You die...

####.###.###)# #......#.#≈..#
#......#+#...# #####
#.†..........# #...#
#............######...########
#..).........'....'...'.......
#............######...#######.
###........)...######...#######.
#.'......>.....@{....^........'.
#.#............################.
#.#...........[# ##
#.############## #.# #.# #.# #.#
#.# ######


There were no monsters in sight!

Vanquished Creatures
  A hound (D:3)
  3 gnolls (D:2)
  2 adders (D:2)
  A worm (D:3)
  A dart slug (D:1)
  An orc (D:3)
  3 ball pythons (D:2)
  5 endoplasms
  2 giant cockroaches (D:3)
  4 goblins
  7 hobgoblins
  3 kobolds
  6 quokkas
  5 bats
  5 rats (D:1)
49 creatures vanquished.

Notes
Turn   | Place    | Note
-------+----------+-------------------------------------------
     0 | D:1      | issech the Troll Monk began the quest for the Orb.
     0 | D:1      | Reached XP level 1. HP: 22/22 MP: 0/0
   245 | D:1      | Found a faded altar of an unknown god.
   311 | D:1      | Reached XP level 2. HP: 29/29 MP: 1/1
   349 | D:1      | Reached skill level 3 in Maces & Flails
   732 | D:2      | Found a blossoming altar of Fedhas.
   777 | D:2      | Reached XP level 3. HP: 31/36 MP: 2/2
  1262 | D:2      | Reached XP level 4. HP: 44/44 MP: 3/3
  1761 | D:3      | Found Noruzxez's Assorted Antiques.
  1770 | D:3      | Found Rion's Distillery.
  1809 | D:3      | Found Xonuskiy's Weapon Shop.
  1832 | D:3      | Reached skill level 4 in Maces & Flails
  2022 | D:3      | Found Itaroripp's General Store.
  2284 | D:3      | Found Miugu's Antique Armour Emporium.
  2449 | D:3      | Reached XP level 5. HP: 53/53 MP: 4/4
  2529 | D:3      | Noticed Sigmund
  2668 | D:3      | Succumbed to Sigmund's poison

Illustrated notes

Levels and vault maps discovered:
D:1:      minmay_arrival_stone_box, layout_basic,
          hellmonk_ecumenical_altar_run_dry, minmay_tetromino_t4
D:2:      layout_loops_corners, basic_altar
D:3:      layout_basic, serial_shops, nicolae_shop_statue_plus,
          nicolae_square_shop, shop, nicolae_shop_hallway_plus,
          nicolae_shop_statue_plus, uniq_sigmund

Skill      XL: |  1  2  3  4 |
---------------+-------------+-----
Maces & Flails | 3 4 |  4.1
Dodging        | 3 |  3.0
Fighting       | 3 |  3.0
Stealth        | |  1.2

Action                   |  1- 3 |  4- 6 || total
-------------------------+-------+-------++-------
Melee: Mace              |    73 |       ||    73
       Flail             |     2 |    59 ||    61
Throw: Stone             |       |     1 ||     1
 Stab: Sleeping          |       |     2 ||     2
Armor: Robe              |    39 |    27 ||    66
Dodge: Dodged            |    41 |    38 ||    79
